 Dungeon Crawl Stone Soup version 0.21.1-1-g345015f (webtiles) character file.

8334 theRoog the Cleaver (level 11, -9/148 HPs)
             Began as a Minotaur Berserker on Apr 5, 2018.
             Was a High Priest of Trog.
             Mangled by jasper's ghost (17 damage)
             ... on level 10 of the Dungeon.
             The game lasted 00:14:07 (8710 turns).

theRoog the Cleaver (Minotaur Berserker)            Turns: 8710, Time: 00:14:08

Health: -9/148     AC: 20    Str: 30    XL:     11   Next: 8%
Magic:  10/10      EV:  9    Int:  4    God:    Trog [*****.]
Gold:   419        SH:  0    Dex: 10    Spells: 10/10 levels left

rFire    + . .     SeeInvis .   O - +0 executioner's axe
rCold    . . .     Gourm    .   (shield currently unavailable)
rNeg     . . .     Faith    .   p - +3 plate armour
rPois    .         Spirit   .   j - +2 hat
rElec    .         Reflect  .   G - +0 cloak
rCorr    .         Harm     .   (no gloves)
MR       +....                  (no boots)
Stlth    ..........             (no amulet)
HPRegen  0.34/turn              g - ring of protection from fire
MPRegen  0.12/turn              K - ring of protection from magic

@: berserking, very quick
A: retaliatory headbutt, horns 2
a: Berserk, Trog's Hand, Brothers in Arms, Burn Spellbooks, Renounce Religion


You were on level 10 of the Dungeon.
You worshipped Trog.
Trog was extremely pleased with you.
You were very hungry.

You visited 1 branch of the dungeon, and saw 10 of its levels.

You collected 559 gold pieces.
You spent 140 gold pieces at shops.

Inventory:

Hand Weapons
 a - a +0 hand axe
 v - a +0 war axe
 y - a +1 long sword of holy wrath
 O - a +0 executioner's axe (weapon)
Missiles
 x - 6 tomahawks (quivered)
Armour
 b - a +0 animal skin
 f - a +0 buckler
 j - a +2 hat (worn)
 o - a +0 scale mail
 p - a +3 plate armour (worn)
 F - a +0 shield
 G - a +0 cloak (worn)
Magical Staves
 I - an uncursed staff of wizardry
Jewellery
 g - a ring of protection from fire (left hand)
 q - an uncursed ring of protection from fire
 K - a ring of protection from magic (right hand)
 N - a +5 ring of strength {unknown}
Wands
 B - a wand of flame (16)
 J - a wand of digging (17)
 L - a wand of paralysis (14)
Scrolls
 d - 2 scrolls of immolation
 h - a scroll of vulnerability {unknown}
 i - 2 scrolls of random uselessness
 k - a scroll of magic mapping {unknown}
 m - 2 scrolls of remove curse
 t - 4 scrolls of fear
 w - 4 scrolls of teleportation
 A - 2 scrolls of identify
 H - a scroll of amnesia
Potions
 e - 2 potions of heal wounds
 l - 3 potions of lignification
 n - a potion of invisibility {unknown}
 r - 6 potions of curing {unknown}
 s - a potion of flight {unknown}
 u - 2 potions of mutation {unknown}
 z - 2 potions of might {unknown}
 C - a potion of magic {unknown}
 D - a potion of degeneration {unknown}
 E - a potion of agility {unknown}
 M - a potion of haste {unknown}
Comestibles
 c - 14 rations


   Skills:
 + Level 10.1 Fighting
 + Level 13.9 Axes
 + Level 8.9 Armour
 + Level 3.5 Dodging
 + Level 1.8 Stealth
 + Level 6.7 Shields


You had 10 spell levels left.
You didn't know any spells.

Dungeon Overview and Level Annotations

Branches:
Dungeon (10/15)            Temple (0/1) D:4
   Lair: D:8-11         Orc: D:9-12

Altars:
Elyvilon
Fedhas
Hepliaklqana
Kikubaaqudgha
Makhleb
Sif Muna
Trog
Uskayaw
Vehumet
Xom
The Shining One

Shops:
D:8 }   D:10 *

Annotations:
D:4 exclusion: statue
D:10 jasper's ghost, journeyman HaAK


Innate Abilities, Weirdness & Mutations

You reflexively headbutt those who attack you in melee.
You have a pair of horns on your head.


Message History

You slash jasper's ghost!
Jasper's ghost is heavily damaged.
Jasper's ghost hits you but does no damage.
You are electrocuted!
* * * LOW HITPOINT WARNING * * *
You barely miss jasper's ghost. Your headbutt misses jasper's ghost.
Jasper's ghost is heavily damaged.
Jasper's ghost hits you but does no damage. x2
You are electrocuted!
* * * LOW HITPOINT WARNING * * *
You slice jasper's ghost!!
Jasper's ghost is almost destroyed.
Jasper's ghost barely misses you. You furiously retaliate!
You headbutt jasper's ghost.
A red film seems to cover your vision as you go berserk!
You feel yourself moving faster!
You feel mighty!
You are feeling very hungry.
Jasper's ghost hits you but does no damage.
You are electrocuted!
You die...

# .#.########..# #....
.. .. #..# #.### ##.#.
#..###.###
.....########.........
#......>.....####.###
##.....####### ##.##
#)###.## ####...##
#####.##...# #........
.<....W@.#..#
#.##...##
#####.##....# # ##.##
# ##.#.# #.# #...# #.#
###.# #.# .# #. .. #


You could see jasper's ghost.

Vanquished Creatures
  Josephine (D:10)
  2 two-headed ogres
  A deep elf mage (D:9)
  A troll (D:9)
  A hippogriff (D:7)
  4 wraiths (D:10)
  6 humans (D:7)
  Edmund (D:5)
  3 sky beasts
  2 black bears
  4 phantoms
  5 ogres
  4 centaurs
  3 bullfrogs
  A scorpion (D:3)
  6 killer bees (D:9)
  A howler monkey (D:4)
  2 vampire bats (D:6)
  5 crimson imps
  3 centaur zombies (D:4)
  2 bullfrog zombies
  7 jellies
  3 orc priests
  6 orc wizards
  2 bullfrog skeletons
  A centaur skeleton (D:6)
  A hound (D:7)
  3 iguanas
  8 worker ants
  A killer bee zombie (D:9)
  A hound zombie (D:8)
  A hound skeleton (D:9)
  The ghost of AceErrynx the Gusty, a weakling FeAE (D:3)
  11 gnolls
  4 worker ant zombies
  19 adders
  2 howler monkey skeletons
  A shadow imp (D:6)
  2 oozes
  An adder zombie (D:4)
  An adder skeleton (D:9)
  4 worms
  A dart slug (D:2)
  5 leopard geckos
  26 orcs
  A ball python (D:7)
  3 bat skeletons (D:6)
  4 bat zombies (D:6)
  9 giant cockroaches
  11 goblins
  8 hobgoblins
  22 jackals
  7 quokkas
  8 bats
  3 frilled lizards
  A giant cockroach zombie (D:4)
  8 kobolds
  A leopard gecko skeleton (D:4)
  A leopard gecko zombie (D:4)
  15 rats
272 creatures vanquished.

Notes
Turn   | Place    | Note
-------+----------+-------------------------------------------
     0 | D:1      | theRoog the Minotaur Berserker began the quest for the Orb.
     0 | D:1      | Reached XP level 1. HP: 19/19 MP: 0/0
   182 | D:1      | Reached XP level 2. HP: 17/27 MP: 1/1
   508 | D:1      | Reached skill level 4 in Axes
   887 | D:1      | Reached XP level 3. HP: 33/33 MP: 2/2
  1284 | D:2      | Reached skill level 1 in Stealth
  1295 | D:2      | Reached ** piety under Trog
  1337 | D:2      | Reached XP level 4. HP: 21/41 MP: 3/3
  1615 | D:2      | Found a hide-covered altar of Uskayaw.
  2028 | D:3      | Reached skill level 5 in Axes
  2067 | D:3      | Reached XP level 5. HP: 44/47 MP: 4/4
  2096 | D:3      | Reached *** piety under Trog
  2175 | D:3      | Found a white marble altar of Elyvilon.
  2339 | D:3      | Found a shimmering altar of Xom.
  2409 | D:3      | Noticed AceErrynx's ghost (weakling FeAE)
  2415 | D:3      | Killed AceErrynx's ghost
  2638 | D:4      | Reached XP level 6. HP: 36/55 MP: 5/5
  2670 | D:4      | Reached skill level 5 in Fighting
  2670 | D:4      | Reached skill level 6 in Axes
  2902 | D:4      | Reached skill level 1 in Shields
  3005 | D:4      | Reached XP level 7. HP: 43/62 MP: 6/6
  3060 | D:4      | Reached skill level 7 in Axes
  3063 | D:4      | Reached **** piety under Trog
  3530 | D:4      | Reached skill level 8 in Axes
  3635 | D:4      | Found a radiant altar of Vehumet.
  3664 | D:4      | Found a staircase to the Ecumenical Temple.
  3744 | D:5      | Entered Level 5 of the Dungeon
  3947 | D:5      | Found a hazy altar of Hepliaklqana.
  4052 | D:5      | Reached XP level 8. HP: 57/71 MP: 7/7
  4157 | D:5      | Noticed Edmund
  4163 | D:5      | Killed Edmund
  4163 | D:5      | Reached skill level 9 in Axes
  4724 | D:6      | Found a deep blue altar of Sif Muna.
  4724 | D:6      | Found a bloodstained altar of Trog.
  4727 | D:6      | Found a glowing golden altar of the Shining One.
  4736 | D:6      | Reached skill level 5 in Armour
  5809 | D:6      | Reached skill level 10 in Axes
  5810 | D:6      | Found an ancient bone altar of Kikubaaqudgha.
  5875 | D:7      | Noticed a two-headed ogre
  5880 | D:7      | Killed a two-headed ogre
  5880 | D:7      | Reached XP level 9. HP: 63/79 MP: 8/8
  5968 | D:7      | Reached skill level 11 in Axes
  6097 | D:7      | Reached skill level 12 in Axes
  6167 | D:7      | Reached ***** piety under Trog
  6253 | D:7      | Reached XP level 10. HP: 81/90 MP: 9/9
  6582 | D:8      | Reached skill level 5 in Shields
  6643 | D:8      | Found a burning altar of Makhleb.
  6696 | D:8      | Found a blossoming altar of Fedhas.
  6798 | D:8      | Found Xunn's Gadget Emporium.
  7151 | D:9      | Noticed a two-headed ogre
  7160 | D:9      | Killed a two-headed ogre
  7204 | D:9      | Reached skill level 13 in Axes
  7243 | D:9      | Noticed a deep elf mage
  7251 | D:9      | Killed a deep elf mage
  7925 | D:10     | Entered Level 10 of the Dungeon
  8131 | D:10     | Found Ekuyrei's Eclectic Emporium.
  8165 | D:10     | Bought a +0 executioner's axe for 140 gold pieces
  8230 | D:10     | Noticed Josephine
  8242 | D:10     | Killed Josephine
  8242 | D:10     | Reached skill level 10 in Fighting
  8242 | D:10     | Reached XP level 11. HP: 64/99 MP: 10/10
  8683 | D:10     | Noticed jasper's ghost (journeyman HaAK)
  8710 | D:10     | Mangled by jasper's ghost

Skill      XL: |  1  2  3  4  5  6  7  8  9 10 |
---------------+-------------------------------+-----
Axes           | 4 5 6 8 10 12 13 | 13.9
Fighting       | 4 5 6 7 8 10 | 10.1
Stealth        | 1 |  1.8
Dodging        | 3 |  3.5
Armour         | 3 4 6 7 8 |  8.9
Shields        | 1 3 4 6 |  6.7

Action                   |  1- 3 |  4- 6 |  7- 9 | 10-12 || total
-------------------------+-------+-------+-------+-------++-------
Melee: Hand axe          |    70 |   142 |       |       ||   212
       Headbutt          |    12 |    28 |    62 |    50 ||   152
       War axe           |       |    55 |   308 |   169 ||   532
       Executioner's axe |       |       |       |    55 ||    55
Invok: Berserk           |       |       |       |     3 ||     3
  Use: Scroll            |       |       |       |    16 ||    16
 Stab: Sleeping          |     5 |       |       |       ||     5
  Eat: Ration            |     1 |     1 |     3 |     2 ||     7
       Chunk             |       |     2 |     2 |       ||     4
Armor: Animal skin       |    12 |    11 |       |       ||    23
       Plate armour      |       |   111 |   199 |   129 ||   439
       Scale mail        |       |     8 |       |       ||     8
Dodge: Dodged            |    32 |    89 |    89 |    52 ||   262
Block: Buckler           |     7 |    34 |    24 |       ||    65
       Shield            |       |       |    68 |    60 ||   128
